 Seeded DCSS version 0.29-a0-334-gb41bcbb86e (webtiles) character file.

Game seed: 20220413 (custom seed)

96 a11behringer the Gusty (level 4, -2/33 HPs)
             Began as a Demigod Air Elementalist on Apr 13, 2022.
             Slain by an orc wizard
             ... wielding a +0 quarterstaff
              (6 damage)
             ... on level 3 of the Dungeon.
             The game lasted 00:11:36 (2719 turns).

a11behringer the Gusty (Demigod Air Elementalist)   Turns: 2719, Time: 00:11:37

Health: -2/33      AC:  3    Str:  9    XL:     4   Next: 18%
Magic:  7/10       EV: 16    Int: 21    God:
Gold:   116        SH:  0    Dex: 14    Spells: 4/8 levels left

rFire   . . .      SeeInvis .   g - +0 short sword
rCold   . . .      Faith    .   (no shield)
rNeg    . . .      Spirit   .   a - +0 robe
rPois   .          Reflect  .   (no helmet)
rElec   .          Harm     .   (no cloak)
rCorr   .          Rampage  .   f - +0 pair of gloves
Will    .....                   (no boots)
Stlth   ++........              (no amulet)
HPRegen 0.11/turn               m - +4 ring of evasion
MPRegen 0.12/turn               (no ring)

@: no status effects
A: high MP 1, forlorn, divine attributes
a: no special abilities


You were on level 3 of the Dungeon.
You visited 1 branch of the dungeon, and saw 3 of its levels.

You collected 116 gold pieces.

Inventory:

Hand Weapons
 e - a +0 dagger
 g - a +0 short sword (weapon)
 l - a +0 hunting sling
Armour
 a - a +0 robe (worn)
 f - a +0 pair of gloves (worn)
 h - a +0 scale mail
Jewellery
 m - a +4 ring of evasion (left hand)
Scrolls
 d - 4 scrolls of enchant armour {unknown}
 i - a scroll of fog {unknown}
 j - a scroll of silence {unknown}
 n - a scroll of enchant weapon {unknown}
 p - 2 scrolls of identify {unknown}
 q - 2 scrolls of teleportation {unknown}
 r - a scroll of magic mapping {unknown}
Potions
 b - a potion of magic
 c - a potion of mutation {unknown}
 k - a potion of brilliance {unknown}
 o - a potion of curing {unknown}


   Skills:
 + Level 2.1 Dodging
 + Level 1.9 Stealth
 + Level 2.5 Spellcasting
 + Level 2.0 Conjurations
 + Level 3.4 Air Magic


You had 4 spell levels left.
You knew the following spells:

 Your Spells              Type           Power      Damage    Failure   Level
a - Shock                 Conj/Air       56%        1d6       4%          1
b - Swiftness             Air            17%        N/A       10%         3

Your spell library contained the following spells:

 Spells                   Type           Power      Damage    Failure   Level
 Static Discharge         Conj/Air       14%        N/A       7%          2
 Airstrike                Air            8%         N/A       32%         4


Dungeon Overview and Level Annotations

Branches:
Dungeon (3/15)

Shops:
D:2 *   D:3 :


Innate Abilities, Weirdness & Mutations

You have an increased reservoir of magic. (+10% MP)
You shall have no god before yourself.
Your divine heritage dramatically boosts your attributes as you level up.


Message History

Casting: Shock (safe; 4% risk of failure)
Confirm with . or Enter, or press ? or * to list all spells.
Aiming: Shock (safe; 4% risk of failure)
Press: ? - help, Shift-Dir - straight line, f/p - orc wizard
Aim: an orc wizard, wielding a +0 quarterstaff and wearing a +0 robe (thin mist, lightly wounded, 64% to hit)
The zap misses the orc wizard.
Casting: Shock (safe; 4% risk of failure)
Confirm with . or Enter, or press ? or * to list all spells.
Aiming: Shock (safe; 4% risk of failure)
Press: ? - help, Shift-Dir - straight line, f/p - orc wizard
Aim: an orc wizard, wielding a +0 quarterstaff and wearing a +0 robe (thin mist, lightly wounded, 64% to hit)
The zap hits the orc wizard but does no damage.
The orc wizard is lightly wounded.
Casting: Shock (safe; 4% risk of failure)
Confirm with . or Enter, or press ? or * to list all spells.
Aiming: Shock (safe; 4% risk of failure)
Press: ? - help, Shift-Dir - straight line, f/p - orc wizard
Aim: an orc wizard, wielding a +0 quarterstaff and wearing a +0 robe (thin mist, lightly wounded, 64% to hit)
The zap misses the orc wizard.
The orc wizard mumbles some strange words.
The orc wizard flickers and vanishes!
Deactivating autopickup; reactivate with Ctrl-A.
Casting: Shock (safe; 4% risk of failure)
Confirm with . or Enter, or press ? or * to list all spells.
You can't see any susceptible monsters within range! (Use Z to cast anyway.)
Something barely misses you.
You miss something. Something hits you.
You hit something but do no damage. Something hits you.
You barely miss something.
You hear some strange, mumbled words.
A magic dart appears from out of thin air!
The magic dart hits you!
You barely miss something. Something hits you but does no damage.
You miss something. Something hits you!
You hit something but do no damage. Something hits you.
* * * LOW HITPOINT WARNING * * *
You miss something. Something hits you.
* * * LOW HITPOINT WARNING * * *
You hit something. Something hits you.
You die...

#...# #...######
#........#####
#...####.....#
#...# #§§§§§#
#######...# ##§§§##
..........# #§§§#
..........# #§§§#
..........#####§@§#
#######.......#§{§#
#..######§§§#
#######..# #§§§#
........># §§§§§
#######.## ..§#§..
#.# ... ... ### #.#
###. .### ..# #)#
#.#


There were no monsters in sight!

Vanquished Creatures
  4 adders
  A worm (D:3)
  2 dart slugs (D:2)
  6 bats
  2 endoplasms (D:1)
  8 hobgoblins
  A jackal (D:1)
  8 kobolds
  2 quokkas (D:1)
  7 ball pythons
  2 frilled lizards (D:1)
  6 goblins
  2 rats
51 creatures vanquished.

Notes
Turn   | Place    | Note
-------+----------+-------------------------------------------
     0 | D:1      | a11behringer the Demigod Air Elementalist began the quest
                  | for the Orb.
     0 | D:1      | Reached XP level 1. HP: 14/14 MP: 5/5
   134 | D:1      | Reached skill level 3 in Air Magic
   378 | D:1      | Reached skill level 1 in Conjurations
   413 | D:1      | Reached XP level 2. HP: 9/20 MP: 1/7
  1405 | D:2      | Reached XP level 3. HP: 24/26 MP: 3/9
  1528 | D:2      | Found Ponkus's Assorted Antiques.
  1807 | D:2      | Learned a level 3 spell: Swiftness
  2468 | D:3      | Reached XP level 4. HP: 33/33 MP: 5/10
  2604 | D:3      | Found Aceuheud's Book Shop.
  2719 | D:3      | Slain by an orc wizard

Illustrated notes

Levels and vault maps discovered:
D:1:      dpeg_arrival_round_b, layout_rooms, st_stairs_1,
          hangedman_decor_lopped
D:2:      minmay_general_purpose_star, layout_loops_ring, serial_shops,
          shop_statue, hellmonk_ecumenical_altar_heavens_door
D:3:      layout_basic, nicolae_overflow_ecumenical_swirl,
          beargit_hepliaklqana_dungeon_heroes, serial_shops, shop,
          nicolae_shop_competitors_out_of_business, nicolae_square_shop,
          minmay_misc_feat_roman

Skill      XL: |  1  2  3  4 |
---------------+-------------+-----
Air Magic      | 3 |  3.4
Conjurations   | 1 2 |  2.0
Spellcasting   | 2 |  2.5
Dodging        | 2 |  2.1
Stealth        | |  1.9

Action                   |  1- 3 |  4- 6 || total
-------------------------+-------+-------++-------
Melee: Unarmed           |    22 |       ||    22
       Dagger            |     5 |       ||     5
       Short sword       |     2 |     8 ||    10
 Cast: Shock             |   104 |    16 ||   120
Armor: Robe              |    18 |     1 ||    19
Dodge: Dodged            |    53 |     1 ||    54

Table legend: (Time is in decaauts)
 A = Elapsed time spent in this place.
 B = Non-inter-level travel time spent in this place.
 C = Inter-level travel time spent in this place.
 D = Time resting spent in this place.
 E = Time spent auto-exploring this place.
 F = Levels seen in this place.
 G = Mean time per level.
                   A        B        C        D        E       F      G
               +--------+--------+--------+--------+--------+-----+--------+
         Total |   2718 |   2629 |     89 |      0 |   2295 |   3 |  906.0 |
       Dungeon |   2718 |   2629 |     89 |      0 |   2295 |   3 |  906.0 |
               +--------+--------+--------+--------+--------+-----+--------+

Top non-repeatable levels by time:
     D:2: 1211 daAuts
     D:1: 1172 daAuts
     D:3: 334 daAuts
